 Dungeon Crawl Stone Soup version 0.30.0-30-g96aa6591b8 (webtiles) character file.

Game seed: 11038336020093042557

378 Chiseanne the Covert (level 6, -3/45 HPs)
             Began as an Octopode Delver on June 28, 2023.
             Slain by a two-headed ogre
             ... wielding a +0 dire flail
              (15 damage)
             ... on level 7 of the Dungeon.
             The game lasted 00:05:10 (840 turns).

Chiseanne the Covert (Octopode Delver)               Turns: 840, Time: 00:05:11

Health: -3/45      AC:  1    Str: 11    XL:     6   Next: 74%
Magic:  6/6        EV: 14    Int: 13    God:
Gold:   135        SH:  0    Dex: 15    Spells: 5/5 levels left

rFire   . . .        a - +0 short sword
rCold   . . .        (no shield)
rNeg    . . .        (helmet restricted)
rPois   .            (no amulet)
rElec   .            (no ring)
rCorr   .            (no ring)
SInv    .            (no ring)
Will    .....        (no ring)
Stlth   +++++        (no ring)
HPRegen 0.27/turn    (no ring)
MPRegen 0.10/turn    (no ring)
                     (no ring)

%: no passive effects
@: no status effects
A: almost no armour, amphibious, 8 rings, camouflage 1, gelatinous body 1,
(nimble swimmer 1), tentacles
a: no special abilities


You were on level 7 of the Dungeon.
You visited 1 branch of the dungeon, and saw 3 of its levels.

You collected 135 gold pieces.

Inventory:

Hand Weapons
 a - a +0 short sword (weapon)
 e - a +0 long sword
 s - a +2 quarterstaff of chaos
Missiles
 d - 3 poisoned darts (quivered)
Wands
 c - a wand of iceblast (7)
 f - a wand of digging (3)
Scrolls
 b - a scroll of fog


   Skills:
 * Level 4.8 Fighting
 - Level 2.0 Short Blades
 * Level 4.2 Dodging
 * Level 8.6 Stealth


You had 5 spell levels left.
You didn't know any spells.
Your spell library was empty.

Dungeon Overview and Level Annotations

Branches:
Dungeon (7/15)
 Temple: D:4-7

Altars:
Kikubaaqudgha
Wu Jian

Shops:
D:7 :

Annotations:
D:5 Eustachio
D:6 1 transporter, 00zero00's ghost, amateur HOFi


Innate Abilities, Weirdness & Mutations

You cannot wear most types of armour.
You are amphibious.
You can wear up to eight rings at the same time.
Your skin changes colour to match your surroundings (Stealth+).
Your rubbery body absorbs attacks. (AC +1, EV +1)
((You are camouflaged when in or above water. (Stealth+)))
You have tentacles for arms and can constrict up to eight enemies at once.


Message History

Found 15 gold pieces.
The helpless shadow imp fails to defend itself.
You impale the shadow imp!!
You kill the shadow imp!
You now have 84 gold pieces (gained 15).
d - 3 poisoned darts You now have 116 gold pieces (gained 32).
Found Gaosoj's Tremendous Tomes.
There is an entrance to Gaosoj's Tremendous Tomes here.
You can access your shopping list by pressing '$'.
Found 19 gold pieces.
A sky beast comes into view.
Found a long sword.
Found a war axe.
You now have 135 gold pieces (gained 19).
A shadow imp comes into view.
You see here a +0 long sword.
e - a +0 long sword The helpless shadow imp fails to defend itself.
You impale the shadow imp!!
You kill the shadow imp!
Okay, then. 3 gnolls come into view.
Found a coppery potion.
Found an inky potion.
You see here an inky potion.
g - an inky potion It was a potion of curing.
You feel better.
The helpless two-headed ogre fails to defend itself.
You impale the two-headed ogre!!
The two-headed ogre is moderately wounded.
The two-headed ogre hits you with a +0 dire flail!!
The two-headed ogre hits you with a +0 giant club!
* * * LOW HITPOINT WARNING * * *
You hit the two-headed ogre.
The two-headed ogre is heavily wounded.
You hit the two-headed ogre. You squeeze the two-headed ogre!
The two-headed ogre is severely wounded.
The two-headed ogre hits you with a +0 dire flail!
You die...

..# #.........# ..#
#.........# ..#
#.........# >.#
#.........# ..#
#.........# ..#
##.........# ..#
##..........# .##
##..#.......## .#
#..##.....@## .#
#.##..#####O..## .##
#.##.## ##.....##
..#####.##. #.......#
........##. ###.......#
.#####.........h......#
...# ...#.####.......##
.#.).<#...............#
###.....#.### #<......#


You could see a two-headed ogre.

Vanquished Creatures
  A sky beast (D:6)
  A bullfrog (D:6)
  2 jellies
  2 hounds
  Crazy Yiuf (D:5)
  An iguana (D:6)
  2 adders
  4 shadow imps
14 creatures vanquished.

Notes
Turn   | Place    | Note
-------+----------+-------------------------------------------
     0 | D:5      | Chiseanne the Octopode Delver began the quest for the Orb.
     0 | D:5      | Reached XP level 1. HP: 16/16 MP: 1/1
     1 | D:5      | Found an ancient bone altar of Kikubaaqudgha.
    13 | D:5      | Noticed Eustachio
    25 | D:5      | Noticed an orc priest
    67 | D:5      | Reached XP level 2. HP: 7/21 MP: 2/2
   167 | D:5      | Found a runed translucent door.
   168 | D:5      | Noticed Crazy Yiuf
   177 | D:5      | Killed Crazy Yiuf
   178 | D:5      | Reached skill level 7 in Stealth
   178 | D:5      | Reached XP level 3. HP: 26/26 MP: 3/3
   272 | D:5      | Reached XP level 4. HP: 29/33 MP: 4/4
   295 | D:6      | Noticed a bullfrog
   300 | D:6      | Killed a bullfrog
   301 | D:6      | Reached XP level 5. HP: 2/37 MP: 5/5
   449 | D:6      | Reached skill level 8 in Stealth
   541 | D:6      | Noticed a sky beast
   546 | D:6      | Killed a sky beast
   547 | D:6      | Reached XP level 6. HP: 44/44 MP: 6/6
   603 | D:6      | Found an ornate altar of the Wu Jian Council.
   689 | D:7      | Noticed a two-headed ogre
   724 | D:6      | Noticed 00zero00's ghost (amateur HOFi)
   729 | D:6      | Found a transporter.
   729 | D:6      | Identified the +7 dire flail of the Hugging Gods {venom,
                  | *Rage +Blink rF+++ Will-}
   764 | D:7      | Found Gaosoj's Tremendous Tomes.
   783 | D:7      | Noticed a sky beast
   840 | D:7      | Slain by a two-headed ogre

Illustrated notes

Levels and vault maps discovered:
D:5:      layout_gridville, mainiacjoe_overflow_boulevard,
          minmay_temple_entry_water_ring, uniq_crazy_yiuf_cottage,
          uniq_eustachio
D:6:      layout_basic, mainiacjoe_overflow_paths, gammafunk_ghost_smash,
          minivault_19
D:7:      layout_rooms, nicolae_shop_i_like_big_books

Skill      XL: |  1  2  3  4  5 |
---------------+----------------+-----
Stealth        | 7 8 |  8.6
Dodging        | 3 4 |  4.2
Fighting       | 4 |  4.8
Short Blades   | |  2.0

Action                     |  1- 3 |  4- 6 || total
---------------------------+-------+-------++-------
  Melee: Short sword       |    19 |    17 ||    36
         Constrict         |     4 |     5 ||     9
         Tentacles         |     4 |     8 ||    12
         Quarterstaff      |       |    14 ||    14
    Use: Potion            |     1 |     1 ||     2
         Scroll            |       |     5 ||     5
   Stab: Sleeping          |     1 |     4 ||     5
 Armour: Skin              |       |     1 ||     1
  Dodge: Dodged            |     8 |    14 ||    22
